AoeStats
← inman.chris406

Arabia

511755543Analyzed
1v1 RM · 10d ago on Oct 6, 2026· 18m 38s· 2 players
Game mode
Random Map
Map size
Tiny (2 player)
Population
200
Speed
Normal
Resources
Standard
Victory
Conquest
Starting age
Dark Age
Ending age
Imperial Age
RankedLock teamsTeams togetherTeam positionsShared explorationLock speedFull tech treeHidden civsTurbo modeCheats
Victory
Defeat
🇩🇪 Franks · Germany
938
+15
vs
🇺🇸 Hindustanis · United States
907
-15
inman.chris406
6:20 Loom
9:26 Feudal Age
15:03 Double-Bit Axe
20:50 Castle Age
Cainer Rallmund
6:14 Loom
9:42 Feudal Age
18:14 Castle Age
16:39 Double-Bit Axe
17:20 Man-at-Arms
18:36 Long Swordsman
19:17 Squires
Connection lost

Rejoining the realm…

Still unreachable

The connection could not be restored.

Session expired

The server has moved on; the page needs a fresh start.